 Dungeon Crawl Stone Soup version 0.32-a0-12-g7fc57aa741 (webtiles) character file.

Game seed: 3852586011938385024

7102 Xavori the Magician (level 11, -9/74 (79) HPs)
             Began as a Djinni Chaos Knight on Jan 15, 2024.
             Was a Plaything of Xom.
             Killed from afar by Nergalle (21 damage)
             ... with a bolt of negative energy
             ... on level 10 of the Dungeon.
             The game lasted 00:15:09 (24337 turns).

Xavori the Magician (Djinni Chaos Knight)          Turns: 24337, Time: 00:15:10

HP:   -9/74 (79)    AC: 18    Str: 11    XL:     11   Next: 31%
Gold: 418           EV: 17    Int: 15    God:    Xom [....*.] SH:  6 Dex: 19

rFire   + + .        a - +0 falchion (chaos)
rCold   . . .        (no shield)
rNeg    . . .        C - +0 steam dragon scales
rPois   ∞            (helmet restricted)
rElec   .            o - +2 cloak
rCorr   .            F - +1 pair of gloves {Dex+3}
SInv    .            (boots unavailable)
Will    +....        (no amulet)
Stlth   +++          A - ring of ice
HPRegen 0.32/turn    l - ring "Xiorghymn" {Fly rF+}
MPRegen 0.00/turn

%: clarity, infuse magic (-10 HP)
@: flying, hasted, drained, very quick
A: sickness immunity, fire resistance 2, cold vulnerability 1, float, innate
caster, HP casting, extra vitality 1, antennae 2, iridescent scales 3, large
bone plates 2, camouflage 1, clarity, deterioration 1, sense surroundings 2,
evolution 1, MP-powered wands
a: Renounce Religion


You were on level 10 of the Dungeon.
You worshipped Xom.
You were a beloved toy of Xom.
You visited 1 branch of the dungeon, and saw 10 of its levels.
You also visited: Sewer.

You collected 684 gold pieces.
You spent 266 gold pieces at shops.

Inventory:

Hand Weapons
 a - a +0 falchion of chaos (weapon)
Armour
 b - a +2 leather armour
 h - a +0 helmet
 o - a +2 cloak (worn)
 C - +0 steam dragon scales (worn)
 F - a +1 pair of gloves of dexterity (worn)
Jewellery
 l - the ring "Xiorghymn" (right hand) {Fly rF+}
   (You found it on level 8 of the Dungeon)

   [ring of flight]

   rF+:       It protects you from fire.
   Fly:       It grants you flight.
 A - a ring of ice (left hand)
Wands
 j - a wand of roots (10)
 y - a wand of light (5)
Scrolls
 c - a scroll of butterflies
 d - a scroll of revelation
 e - a scroll of identify
 i - 3 scrolls of amnesia
 m - 2 scrolls of teleportation
 n - a scroll of enchant weapon
 r - 2 scrolls of blinking
 s - a scroll of summoning
 w - 2 scrolls of poison
 B - 3 scrolls of fear
 D - a scroll of enchant armour
 E - a scroll of immolation
 G - a scroll of fog {unknown}
Potions
 f - 4 potions of enlightenment
 g - a potion of might
 k - 2 potions of heal wounds {unknown}
 p - 2 potions of invisibility {unknown}
 q - 5 potions of curing
 t - 4 potions of attraction {unknown}
 u - a potion of magic {unknown}
 v - a potion of lignification {unknown}
 x - 2 potions of mutation {unknown}
 z - 2 potions of cancellation {unknown}


   Skills:
 + Level 7.4 Fighting
 + Level 6.7 Long Blades
 + Level 6.7 Armour
 + Level 7.7 Dodging
 * Level 7.7 Spellcasting
 * Level 7.7 Conjurations
 * Level 7.7 Hexes
 * Level 7.7 Summonings
 * Level 7.7 Necromancy
 * Level 7.7 Translocations
 * Level 7.7 Fire Magic
 * Level 7.7 Ice Magic
 * Level 7.7 Air Magic
 * Level 7.7 Earth Magic
 * Level 7.7 Alchemy


You knew the following spells:

 Your Spells              Type           Power      Damage    Failure   Level
a - Summon Small Mammal   Summ           100%       N/A       1%          1
b - Call Imp              Summ           58%        N/A       1%          2
c - Teleport Other        Tloc           29%        N/A       1%          3
d - Sigil of Binding      Hex            29%        N/A       1%          3
e - Dimensional Bullseye  Hex/Tloc       14%        N/A       4%          4
Your spell library was empty.

Dungeon Overview and Level Annotations

Branches:
Dungeon (10/15)            Temple (0/1) D:7           Sewer (visited)
   Lair: D:8-11         Orc: D:9-12

Altars:
Ashenzari
Elyvilon
Gozag
Qazlal
Uskayaw
Wu Jian
Xom

Shops:
D:6 :   D:8 ?

Annotations:
D:10 Nergalle


Innate Abilities, Weirdness & Mutations

You are immune to sickness and miasma.
You are immune to poison.
Your flesh is very heat resistant. (rF++)
You are vulnerable to cold. (rC-)
You float through the air rather than walking.
You learn spells naturally, not from books.
Your magical power is your life essence.
You have superior vitality. (+4 MHP)
You have a pair of antennae on your head.
You are completely covered in iridescent scales. (AC +6)
You are mostly covered in large bone plates. (SH +6)
Your skin changes colour to match your surroundings (Stealth+).
You possess an exceptional clarity of mind.
Your body sometimes deteriorates upon taking damage.
You passively map the area around you.
You have hidden genetic potential.
You expend health (3 HP) to strengthen your wands.


Message History

The spectral orc warrior hits you with a +0 mace.
* * * LOW HITPOINT WARNING * * *
Okay, then.
Aiming: Bolt of Light
Press: ? - help, Shift-Dir - straight line, f/p - Nergalle
Aim: Nergalle, wielding a +0 dagger and wearing a +0 robe (heavily wounded, lightly drained, fragile as glass, 68% to hit)
You feel a surge of power!
The bolt of light hits Nergalle.
Nergalle is heavily wounded.
Nergalle is blinded.
* * * LOW HITPOINT WARNING * * *
Xom smiles on you.
You feel yourself speed up. The spectral orc warrior misses you.
Nergalle hits you but does no damage.
The spectral orc warrior closely misses you. x2
Unknown command.
Aiming: Fastroot
Press: ? - help, Shift-Dir - straight line, f/p - Nergalle
Aim: Nergalle, wielding a +0 dagger and wearing a +0 robe (heavily wounded, blind, unable to see you, lightly drained, fragile as glass)
Okay, then.
Aiming: Bolt of Light
Press: ? - help, Shift-Dir - straight line, f/p - Nergalle
Aim: Nergalle, wielding a +0 dagger and wearing a +0 robe (heavily wounded, blind, unable to see you, lightly drained, fragile as glass, 68% to hit)
You feel a surge of power!
The bolt of light misses Nergalle.
* * * LOW HITPOINT WARNING * * *
You block the spectral orc warrior's attack.
Nergalle barely misses you.
Unknown command.
The spectral orc warrior attacks as it pursues you!
The spectral orc warrior hits you but does no damage.
The spectral orc warrior misses you.
You block the spectral orc warrior's attack.
Found a scroll of identify.
Nergalle points at you and mumbles some strange words.
The bolt of negative energy hits the spectral orc warrior.
The spectral orc warrior completely resists.
The bolt of negative energy hits the spectral orc warrior.
The spectral orc warrior completely resists.
The bolt of negative energy hits you!!
You feel drained.
You die...
Xom guffaws!

#.........#...#*,, ,,,,, ,, ###
##.#.........#*,,,.,,,,,,,, #.##
##.#..[.......## ,.#*, ,,,,,
...###..............##...,*,, ,,,
.........................,<,,,,,,
................#o...#...,,,, ,,,
.......?........ZZ$..>...,,,,,,,,
...............ZZ........ ,,,,,,,
................@........ , ,,,,,
..<......................,, ,,,,
~........................,,,,,,,,
.........................,,, ,,,
.........................,,,,, ,,
....#..#...?.............,,,*,,,,
.#.......................,,,,,,,,
<.#.#....#.#.#.....?....,,, ,,,,,
...####.##***,,,,,,,,* *,* * ,,,


You could see Nergalle (blind, unable to see you, drained, vitrified), 3
spectral orc warriors and a spectral orc knight (summoned).

Vanquished Creatures
  Psyche (D:8)
  A hornet (D:9)
  Prince Ribbit (D:5)
  Sigmund (D:2)
  A wraith (D:10)
  A fire bat (D:7)
  8 yaks (D:9)
  A steam dragon (D:9)
  Menkaure (D:6)
  2 water moccasins (D:6)
  2 sky beasts
  2 black bears
  2 ogres
  2 centaurs
  3 phantoms
  2 gnoll sergeants
  A kobold brigand (D:7)
  2 bullfrogs
  2 scorpions (D:4)
  2 wights (D:5)
  A killer bee (D:8)
  5 howler monkeys
  A gnoll bouda (D:7)
  A bombardier beetle (D:5)
  A jelly (D:7)
  7 orc priests
  6 hounds
  2 iguanas
  Ijyb (D:5)
  8 orc wizards
  Robin (D:2)
  18 gnolls
  15 adders
  2 river rats (D:4)
  A shadow imp (D:6)
  6 dart slugs
  A ribbon worm (D:4)
  14 orcs
  13 endoplasms
  9 giant cockroaches
  14 goblins
  10 hobgoblins
  6 jackals
  8 kobolds
  5 quokkas
  10 ball pythons
  3 bats
  10 frilled lizards
  8 rats
225 creatures vanquished.

Vanquished Creatures (collateral kills)
  Grinder (D:6)
  5 yaks (D:9)
  2 centaurs
  4 bullfrogs
  A bombardier beetle (D:7)
  2 orc priests
  2 iguanas (D:6)
  An orc wizard (D:7)
  A gnoll (D:7)
  An adder (D:3)
  2 shadow imps (D:6)
  3 dart slugs (Sewer)
  2 orcs (D:7)
  A kobold (D:3)
  A ball python (D:3)
  2 frilled lizards (Sewer)
31 creatures vanquished.

Vanquished Creatures (others)
  A bullfrog (D:9)
  3 wights (D:6)
  An orc wizard (D:4)
  A gnoll zombie (D:7)
  An orc (D:8)
  A ball python zombie (Sewer)
8 creatures vanquished.

Grand Total: 264 creatures vanquished

Notes
Turn   | Place    | Note
-------+----------+-------------------------------------------
     0 | D:1      | Xavori the Djinni Chaos Knight began the quest for the Orb.
     0 | D:1      | Reached XP level 1. HP: 20/20 MP: 0/0
    24 | D:1      | HP: 1/20 [frozen (1)]
   416 | D:1      | XOM: butterfly on damage
   600 | D:1      | Reached XP level 2. HP: 25/25 MP: 0/0
   642 | D:1      | XOM: divination: detect items
   846 | D:1      | Reached XP level 3. HP: 29/30 MP: 0/0
   846 | D:1      | Learned a level 1 spell: Summon Small Mammal
   927 | D:1      | Reached skill level 1 in Spellcasting
   927 | D:1      | Reached skill level 1 in Conjurations
   927 | D:1      | Reached skill level 1 in Hexes
   927 | D:1      | Reached skill level 1 in Summonings
   927 | D:1      | Reached skill level 1 in Necromancy
   927 | D:1      | Reached skill level 1 in Translocations
   927 | D:1      | Reached skill level 1 in Fire Magic
   927 | D:1      | Reached skill level 1 in Ice Magic
   927 | D:1      | Reached skill level 1 in Air Magic
   927 | D:1      | Reached skill level 1 in Earth Magic
   927 | D:1      | Reached skill level 1 in Alchemy
  2029 | D:1      | XOM: silly message
  3665 | D:1      | XOM: noise
  3768 | D:1      | XOM: give mutations
  3768 | D:1      | Gained mutation: You are occasionally teleported next to
                  | monsters. [Xom's mischief]
  3768 | D:1      | Gained mutation: You passively dampen the noise of your
                  | surroundings. [Xom's mischief]
  3790 | D:1      | XOM: 3-stop teleportation journey
  5132 | D:1      | XOM: give mutations
  5132 | D:1      | Gained mutation: You are partially covered in iridescent
                  | scales. (AC +2) [Xom's grace]
  5132 | D:1      | Gained mutation: You possess an exceptional clarity of
                  | mind. [Xom's grace]
  5132 | D:1      | Gained mutation: You have a somewhat thin skeletal
                  | structure. (Dex +2, Stealth+) [Xom's grace]
  5272 | D:2      | XOM: scenery: create altars
  5331 | D:2      | Noticed Robin
  5351 | D:2      | Reached XP level 4. HP: 33/35 MP: 0/0
  5368 | D:2      | Killed Robin
  5473 | D:2      | XOM: stat loss: -1 Str (10/11)
  5528 | D:2      | Noticed Sigmund
  5540 | D:2      | Killed Sigmund
  5541 | D:2      | Reached XP level 5. HP: 41/41 MP: 0/0
  5541 | D:2      | Learned a level 2 spell: Call Imp
  5541 | D:2      | Reached XP level 6. HP: 47/47 MP: 0/0
  5817 | D:3      | XOM: cast spell 'Summon Horrible Things'
  5875 | D:3      | Found an ornate altar of the Wu Jian Council.
  6353 | D:4      | XOM: smoke on damage
  6409 | D:4      | XOM: cast spell 'Olgreb's Toxic Radiance'
  6412 | D:4      | Reached XP level 7. HP: 38/52 MP: 0/0
  6412 | D:4      | Learned a level 3 spell: Teleport Other
  6470 | D:4      | Found a hide-covered altar of Uskayaw.
  6978 | D:4      | Found a glowing drain.
  6982 | Sewer    | Entered a sewer
  7004 | Sewer    | XOM: 1-stop teleportation journey
  7043 | Sewer    | Reached XP level 8. HP: 58/58 MP: 0/0
  7345 | D:4      | XOM: stat loss: -1 Dex (15/16)
  7482 | D:4      | XOM: enchant monster (good)
  7483 | D:4      | XOM: divination: detect creatures
  7547 | D:4      | XOM: fog
  7742 | D:4      | XOM: 5-stop teleportation journey
  7762 | D:4      | XOM: god gift: broad axe {god gift}
  7826 | D:4      | XOM: enchant monster (bad)
  8154 | D:4      | XOM: give mutation
  8154 | D:4      | Gained mutation: Your body sometimes deteriorates upon
                  | taking damage. [Xom's mischief]
  8183 | D:5      | Entered Level 5 of the Dungeon
  8330 | D:4      | XOM: give mutations
  8330 | D:4      | Gained mutation: Your mind is acute. (Int +4, Str/Dex -1)
                  | [Xom's mischief]
  8330 | D:4      | Gained mutation: You have hidden genetic defects. [Xom's
                  | mischief]
  8330 | D:4      | Lost mutation: Your mind is acute. (Int +4, Str/Dex -1)
                  | [Xom's mischief]
  8416 | D:5      | Noticed Ijyb
  8422 | D:5      | Killed Ijyb
  8493 | D:5      | Found a stormy altar of Qazlal.
  8595 | D:5      | Reached skill level 5 in Fighting
  8609 | D:5      | Gained mutation: You occasionally lose the ability to drink
                  | potions when taking damage. [hidden defects]
  8679 | D:5      | Noticed Prince Ribbit
  8695 | D:5      | Killed Prince Ribbit
  8696 | D:5      | Reached skill level 5 in Dodging
  8696 | D:5      | Reached XP level 9. HP: 59/65 MP: 0/0
  8696 | D:5      | Learned a level 3 spell: Sigil of Binding
  8702 | D:5      | Gained mutation: You have terrible hidden genetic defects.
                  | [hidden defects]
  8702 | D:5      | Lost mutation: You have terrible hidden genetic defects.
                  | [hidden defects expressed]
  8804 | D:5      | XOM: repel stairs
  9009 | D:6      | XOM: enchant monster (bad)
  9067 | D:5      | Reached skill level 5 in Spellcasting
  9067 | D:5      | Reached skill level 5 in Conjurations
  9067 | D:5      | Reached skill level 5 in Hexes
  9067 | D:5      | Reached skill level 5 in Summonings
  9067 | D:5      | Reached skill level 5 in Necromancy
  9067 | D:5      | Reached skill level 5 in Translocations
  9067 | D:5      | Reached skill level 5 in Fire Magic
  9067 | D:5      | Reached skill level 5 in Ice Magic
  9067 | D:5      | Reached skill level 5 in Air Magic
  9067 | D:5      | Reached skill level 5 in Earth Magic
  9067 | D:5      | Reached skill level 5 in Alchemy
  9077 | D:6      | XOM: divine lightning
  9124 | D:6      | XOM: give mutations
  9124 | D:6      | Lost mutation: You are partially covered in iridescent
                  | scales. (AC +2) [Xom's mischief]
  9124 | D:6      | Lost mutation: You have a somewhat thin skeletal structure.
                  | (Dex +2, Stealth+) [Xom's mischief]
  9124 | D:6      | Gained mutation: You expend health (3 HP) to strengthen
                  | your wands. [Xom's mischief]
  9178 | D:6      | Noticed Grinder
  9186 | D:6      | XOM: cast spell 'Summon Hydra'
  9188 | D:6      | Paralysed by Grinder for 4 turns
  9191 | D:6      | Killed Grinder
  9192 | D:6      | Reached skill level 5 in Long Blades
  9200 | D:6      | Gained mutation: You are clumsy. (Dex -2) [hidden defects]
  9311 | D:6      | XOM: enchant monster (bad)
  9318 | D:6      | XOM: silly message
  9523 | D:3      | XOM: give mutations
  9523 | D:3      | Gained mutation: You are frail. (-10% HP) [Xom's mischief]
  9523 | D:3      | Lost mutation: You are clumsy. (Dex -2) [Xom's mischief]
  9523 | D:3      | Lost mutation: Your body sometimes deteriorates upon taking
                  | damage. [Xom's mischief]
  9523 | D:3      | Lost mutation: You possess an exceptional clarity of mind.
                  | [Xom's mischief]
 10149 | D:1      | XOM: torment (30/58 hp)
 10493 | D:1      | XOM: summons 5 hostile demons
 11539 | D:1      | XOM: draining
 11886 | D:1      | XOM: summons 4 hostile shadow creatures
 12584 | D:1      | XOM: scenery: summon butterflies
 12837 | D:1      | XOM: summons 5 hostile demons
 13054 | D:1      | XOM: god gift: 29 gold pieces
 13501 | D:1      | XOM: summons 5 hostile demons
 13502 | D:1      | Noticed a hellwing
 13645 | D:2      | XOM: give mutation
 13645 | D:2      | Gained mutation: Your spells are a little harder to cast,
                  | but a little more powerful. [Xom's mischief]
 13883 | D:1      | XOM: give mutations
 13883 | D:1      | Lost mutation: You are frail. (-10% HP) [Xom's mischief]
 13883 | D:1      | Lost mutation: Your spells are a little harder to cast, but
                  | a little more powerful. [Xom's mischief]
 13883 | D:1      | Lost mutation: You passively dampen the noise of your
                  | surroundings. [Xom's mischief]
 13883 | D:1      | Gained mutation: Your body sometimes deteriorates upon
                  | taking damage. [Xom's mischief]
 14079 | D:1      | XOM: give mutations
 14079 | D:1      | Gained mutation: You are clumsy. (Dex -2) [Xom's mischief]
 14079 | D:1      | Gained mutation: You have a pair of small antennae on your
                  | head. [Xom's mischief]
 14220 | D:1      | XOM: silly message
 14637 | D:1      | XOM: give mutation
 14637 | D:1      | Gained mutation: You passively map a small area around you.
                  | [Xom's mischief]
 16538 | D:1      | XOM: give mutation
 16538 | D:1      | Gained mutation: You passively map the area around you.
                  | [Xom's grace]
 16646 | D:1      | XOM: scenery: create altars
 16991 | D:1      | XOM: give mutations
 16991 | D:1      | Gained mutation: Your skin changes colour to match your
                  | surroundings (Stealth+). [Xom's grace]
 16991 | D:1      | Gained mutation: You are partially covered in iridescent
                  | scales. (AC +2) [Xom's grace]
 16991 | D:1      | Gained mutation: You possess an exceptional clarity of
                  | mind. [Xom's grace]
 17444 | D:1      | XOM: silly message
 18153 | D:1      | XOM: summons 3 hostile shadow creatures
 18879 | D:1      | XOM is BORED!
 18879 | D:1      | XOM: give mutations
 18879 | D:1      | Lost mutation: You are partially covered in iridescent
                  | scales. (AC +2) [Xom's mischief]
 18879 | D:1      | Lost mutation: You have hidden genetic defects. [Xom's
                  | mischief]
 18879 | D:1      | Gained mutation: You are partially covered in iridescent
                  | scales. (AC +2) [Xom's mischief]
 18879 | D:1      | Gained mutation: Your spells are a little easier to cast,
                  | but a little less powerful. [Xom's mischief]
 18994 | D:1      | XOM: give mutation
 18994 | D:1      | Lost mutation: You are occasionally teleported next to
                  | monsters. [Xom's mischief]
 19262 | D:1      | XOM: god gift: 11 gold pieces
 19591 | D:1      | XOM: give mutations
 19591 | D:1      | Gained mutation: You are partially covered in large bone
                  | plates. (SH +4) [Xom's grace]
 19591 | D:1      | Gained mutation: You have a pair of antennae on your head.
                  | [Xom's grace]
 19591 | D:1      | Lost mutation: You are clumsy. (Dex -2) [Xom's grace]
 19591 | D:1      | Lost mutation: Your spells are a little easier to cast, but
                  | a little less powerful. [Xom's grace]
 19867 | D:6      | XOM: divination: detect items
 19919 | D:6      | XOM: cast spell 'Animate Armour'
 19922 | D:6      | Noticed Menkaure
 19934 | D:6      | Killed Menkaure
 19935 | D:6      | Reached skill level 5 in Armour
 20043 | D:5      | XOM: god gift: staff of death
 20157 | D:6      | Reached XP level 10. HP: 72/72 MP: 0/0
 20220 | D:6      | Identified the +0 ring mail of Card Tricks {+Inv Str+4
                  | Dex-4}
 20386 | D:6      | Found a broken altar of Ashenzari.
 20386 | D:6      | XOM: give mutations
 20386 | D:6      | Gained mutation: You are mostly covered in large bone
                  | plates. (SH +6) [Xom's grace]
 20386 | D:6      | Gained mutation: You are mostly covered in iridescent
                  | scales. (AC +4) [Xom's grace]
 20386 | D:6      | Gained mutation: You are completely covered in iridescent
                  | scales. (AC +6) [Xom's grace]
 20387 | D:6      | Found a shimmering altar of Xom.
 20388 | D:6      | Found a white marble altar of Elyvilon.
 20460 | D:6      | Found Oproegei's Tiny Tomes.
 20461 | D:6      | XOM: give mutations
 20461 | D:6      | Gained mutation: You passively map a large area around you.
                  | [Xom's grace]
 20461 | D:6      | Gained mutation: You are agile. (Dex +4, Str/Int -1) [Xom's
                  | grace]
 20461 | D:6      | Gained mutation: You have hidden genetic potential. [Xom's
                  | grace]
 20472 | D:6      | Found an opulent altar of Gozag.
 20689 | D:7      | XOM: 6-stop teleportation journey
 20877 | D:7      | Found a staircase to the Ecumenical Temple.
 20919 | D:7      | XOM: fog
 20949 | D:7      | XOM: summons 2 friendly demons
 21171 | D:7      | XOM: cloud trail
 21345 | D:8      | XOM: smoke on damage
 21346 | D:8      | XOM: cleaving
 21371 | D:7      | XOM: give mutations
 21371 | D:7      | Lost mutation: You are agile. (Dex +4, Str/Int -1) [Xom's
                  | mischief]
 21371 | D:7      | Lost mutation: You are completely covered in iridescent
                  | scales. (AC +6) [Xom's mischief]
 21371 | D:7      | Lost mutation: You occasionally lose the ability to drink
                  | potions when taking damage. [Xom's mischief]
 21371 | D:7      | Lost mutation: You passively map a large area around you.
                  | [Xom's mischief]
 21418 | D:7      | XOM: scenery: create altars
 21551 | D:8      | XOM: smoke on damage
 21553 | D:8      | XOM: summons friendly ufetubus
 21760 | D:8      | Identified the ring "Xiorghymn" {Fly rF+}
 21771 | D:8      | Noticed Psyche
 21809 | D:8      | XOM: polymorph wyvern -> killer bee
 21825 | D:8      | XOM: smoke on damage
 21831 | D:8      | Killed Psyche
 22006 | D:8      | Found Lurr's Magic Scroll Shoppe.
 22011 | D:8      | Bought a scroll of blinking for 105 gold pieces
 22011 | D:8      | Bought a scroll of enchant weapon for 105 gold pieces
 22011 | D:8      | Bought a scroll of identify for 28 gold pieces
 22011 | D:8      | Bought a scroll of identify for 28 gold pieces
 22299 | D:8      | XOM: smoke on damage
 22373 | D:8      | XOM: cloud trail
 22469 | D:9      | XOM: god gift: 19 gold pieces
 22576 | D:9      | XOM: fog
 22681 | D:9      | XOM: cast spell 'Animate Armour'
 22709 | D:9      | XOM: divine lightning
 22978 | D:9      | XOM: confuse monster(s)
 22989 | D:9      | XOM: summons friendly white imp
 22994 | D:9      | Reached XP level 11. HP: 56/78 MP: 0/0
 22994 | D:9      | Learned a level 4 spell: Dimensional Bullseye
 23007 | D:9      | XOM: repel stairs
 23011 | D:9      | XOM: potion effect (curing)
 23014 | D:9      | Gained mutation: You are completely covered in iridescent
                  | scales. (AC +6) [hidden potential]
 23016 | D:9      | XOM: scenery: 1 doors open
 23018 | D:9      | XOM: enchant monster (good)
 23050 | D:9      | XOM: noise
 23888 | D:9      | XOM: enchant monster (bad)
 24047 | D:9      | XOM: cloud trail
 24213 | D:9      | XOM: silly message
 24247 | D:10     | Entered Level 10 of the Dungeon
 24296 | D:10     | Noticed Nergalle
 24308 | D:10     | XOM: noise
 24317 | D:10     | XOM: divination: magic mapping
 24334 | D:10     | XOM: potion effect (haste)
 24337 | D:10     | Killed from afar by Nergalle

Illustrated notes

Levels and vault maps discovered:
D:1:      wander_arrival_lonely_grave, layout_rooms
D:2:      layout_rooms, uniq_robin, uniq_sigmund
D:3:      layout_loops_ring, mainiacjoe_overflow_paths, minmay_starry_boxes
D:4:      kennysheep_spiral_hall, layout_layer_cave,
          eat_drink_and_be_merry_uskayaw, gup_sewer_entry_spiral
D:5:      layout_rooms, mainiacjoe_overflow_boulevard, uniq_prince_ribbit1,
          uniq_ijyb
D:6:      layout_cave_pools, mainiacjoe_overflow_alcove_3,
          nicolae_gozag_cash_rules_everything_around_me, roderic_lattice_a,
          hangedman_abyss_or_decor_slice, nicolae_shop_i_like_small_books_too,
          dreamdust_wishing_well, kennysheep_decorative_pillar,
          minmay_fountain_box, dreamdust_gnoll_farm, uniq_grinder, uniq_menkaure
D:7:      layout_cave_pools, minmay_temple_entry_offerings, minivault_22
D:8:      layout_rooms, serial_shops, shop, uniq_psyche
D:9:      layout_gridville, grunt_tough_drop
D:10:     layout_cross, mainiacjoe_overflow_cross_hatched,
          corexii_leaking_fountain, uniq_erolcha, uniq_nergalle

Skill      XL: |  1  2  3  4  5  6  7  8  9 10 11 |
---------------+----------------------------------+-----
Spellcasting   | 1 2 3 4 5 7 |  7.7
Conjurations   | 1 2 3 4 5 7 |  7.7
Hexes          | 1 2 3 4 5 7 |  7.7
Summonings     | 1 2 3 4 5 7 |  7.7
Necromancy     | 1 2 3 4 5 7 |  7.7
Translocations | 1 2 3 4 5 7 |  7.7
Fire Magic     | 1 2 3 4 5 7 |  7.7
Ice Magic      | 1 2 3 4 5 7 |  7.7
Air Magic      | 1 2 3 4 5 7 |  7.7
Earth Magic    | 1 2 3 4 5 7 |  7.7
Alchemy        | 1 2 3 4 5 7 |  7.7
Long Blades    | 3 4 5 6 |  6.7
Armour         | 2 3 4 5 6 |  6.7
Dodging        | 3 4 5 6 7 |  7.7
Fighting       | 4 5 6 7 |  7.4

Action                     |  1- 3 |  4- 6 |  7- 9 | 10-12 || total
---------------------------+-------+-------+-------+-------++-------
  Melee: Falchion          |    89 |    96 |   372 |   457 ||  1014
         Punch             |     1 |       |     4 |     3 ||     8
   Cast: Call Imp          |       |       |     3 |     6 ||     9
  Evoke: Wand              |       |       |       |     3 ||     3
    Use: Scroll            |       |       |     4 |     8 ||    12
   Stab: Petrifying        |     1 |       |     2 |     1 ||     4
         Sleeping          |       |     7 |    10 |     2 ||    19
         Distracted        |       |     1 |     1 |     3 ||     5
         Paralysed         |       |       |     2 |     6 ||     8
         Confused          |       |       |     1 |     1 ||     2
         Petrified         |       |       |       |     7 ||     7
         Invisible         |       |       |       |     2 ||     2
 Armour: Leather armour    |    56 |    74 |   278 |   203 ||   611
         Steam dragon scal |       |       |       |   118 ||   118
  Dodge: Dodged            |    47 |    76 |   311 |   396 ||   830
  Block: Other             |       |       |     7 |   121 ||   128

Table legend: (Time is in decaauts)
 A = Elapsed time spent in this place.
 B = Non-inter-level travel time spent in this place.
 C = Inter-level travel time spent in this place.
 D = Time resting spent in this place.
 E = Time spent auto-exploring this place.
 F = Levels seen in this place.
 G = Mean time per level.
                   A        B        C        D        E       F      G
               +--------+--------+--------+--------+--------+-----+--------+
         Total |  24415 |  24101 |    314 |  16615 |   5304 |  11 | 2219.5 |
       Dungeon |  24136 |  23822 |    314 |  16615 |   5185 |  10 | 2413.6 |
         Sewer |    278 |    278 |      0 |      0 |    119 |   1 |  278.0 |
               +--------+--------+--------+--------+--------+-----+--------+

Top non-repeatable levels by time:
     D:1: 14347 daAuts
     D:4: 1838 daAuts
     D:2: 1527 daAuts
     D:8: 1283 daAuts
     D:9: 1271 daAuts
     D:6: 1074 daAuts
     D:7: 1051 daAuts
     D:5: 838 daAuts
     D:3: 811 daAuts
   Sewer: 278 daAuts
    D:10: 93 daAuts
